 Dungeon Crawl Stone Soup version 0.24.1-5-g77f818bfca (webtiles) character file.

Game seed: 17741951752594937146, levelgen mode: deterministic

126 Daoist the Ogre Mage (level 5, -5/45 HPs)
             Began as an Ogre Fire Elementalist on Apr 23, 2020.
             Slain by a gnoll
             ... wielding a +0 flail
              (6 damage)
             ... on level 3 of the Dungeon.
             The game lasted 00:06:17 (3264 turns).

Daoist the Ogre Mage (Ogre Fire Elementalist)       Turns: 3264, Time: 00:06:17

Health: -5/45      AC:  3    Str: 12    XL:     5   Next: 10%
Magic:  2/10       EV: 10    Int: 17    God:
Gold:   142        SH:  0    Dex:  9    Spells: 10/11 levels left

rFire    . . .     SeeInvis .   b - +0 spear
rCold    + . .     Gourm    .   (no shield)
rNeg     . . .     Faith    .   h - +0 robe {rC+}
rPois    .         Spirit   .   (helmet restricted)
rElec    .         Reflect  .   (no cloak)
rCorr    +         Harm     .   (gloves unavailable)
MR       .....                  (boots unavailable)
Stlth    +.........             (no amulet)
HPRegen  0.15/turn              g - ring of resist corrosion
MPRegen  0.12/turn              (no ring)

@: very slightly contaminated
A: large, unfitting armour, tough skin 1
a: no special abilities


You were on level 3 of the Dungeon.
You were not hungry.

You visited 1 branch of the dungeon, and saw 3 of its levels.

You collected 142 gold pieces.

Inventory:

Hand Weapons
 b - a +0 spear (weapon)
 v - a +0 whip
Missiles
 e - 2 silver javelins (quivered)
Armour
 a - a +0 robe
 h - a +0 robe of cold resistance (worn)
 o - a +2 shield
Jewellery
 g - a ring of resist corrosion (left hand)
Scrolls
 f - a scroll of noise {unknown}
 i - a scroll of magic mapping {unknown}
 j - 4 scrolls of identify {unknown}
 k - a scroll of blinking {unknown}
 l - a scroll of teleportation {unknown}
 m - 2 scrolls of enchant armour {unknown}
 p - 3 scrolls of remove curse {unknown}
 u - 2 scrolls of amnesia {unknown}
Potions
 d - a potion of berserk rage {unknown}
 n - a potion of lignification {unknown}
 r - a potion of resistance {unknown}
 s - a potion of curing {unknown}
 t - 2 potions of flight {unknown}
Comestibles
 c - 3 rations
 q - 5 chunks of flesh


   Skills:
 - Level 1.7 Dodging
 - Level 1.4 Stealth
 * Level 3.7 Spellcasting
 * Level 2.5 Conjurations
 * Level 3.6 Fire Magic


You had 10 spell levels left.
You knew the following spells:

 Your Spells              Type           Power        Failure   Level  Hunger
a - Flame Tongue          Conj/Fire      ##...        4%          1    None

Your spell library contained the following spells:

 Spells                   Type           Power        Failure   Level  Hunger
 Throw Flame              Conj/Fire      ##....       7%          2    ##.....
 Conjure Flame            Conj/Fire      ##......     14%         3    ###....
 Inner Flame              Hex/Fire       #.......     22%         3    ###....
 Sticky Flame             Conj/Fire      ##......     41%         4    ####...
 Fireball                 Conj/Fire      ##........   77%         5    ######.


Dungeon Overview and Level Annotations

Branches:
Dungeon (3/15)

Altars:


Innate Abilities, Weirdness & Mutations

You are too large for most types of armour.
You have tough skin. (AC +1)


Message History

The gnoll hits you with a +0 flail.
* * * LOW HITPOINT WARNING * * *
You closely miss the gnoll.
The gnoll is severely wounded.
The gnoll closely misses you.
You closely miss the gnoll.
The gnoll is severely wounded.
The gnoll closely misses you.
You hit the gnoll.
The gnoll is severely wounded.
The gnoll hits you with a +0 flail.
* * * LOW HITPOINT WARNING * * *
You barely miss the gnoll.
The gnoll is severely wounded.
The gnoll hits you with a +0 flail!
* * * LOW HITPOINT WARNING * * *
You hit the gnoll but do no damage.
The gnoll is severely wounded.
The gnoll hits you with a +0 flail.
You die...

# ###########
.####.########..........
.......@g..)...#########
.###..########.### #
#..########...# #
#..##.........# #
#..##.#####g..# #
#..##.## #..## #
#..#...## #..# # #<..#
#.###.g# # #.###.).#
#......########


You could see a gnoll.

Vanquished Creatures
  6 adders (D:2)
  2 gnolls (D:3)
  A worm (D:2)
  A leopard gecko (D:2)
  7 bats
  4 giant cockroaches
  3 goblins
  6 hobgoblins
  5 jackals (D:1)
  4 kobolds
  3 quokkas
  2 frilled lizards (D:1)
  3 rats (D:1)
47 creatures vanquished.

Notes
Turn   | Place    | Note
-------+----------+-------------------------------------------
     0 | D:1      | Daoist the Ogre Fire Elementalist began the quest for the
                  | Orb.
     0 | D:1      | Reached XP level 1. HP: 16/16 MP: 3/3
    46 | D:1      | Reached skill level 1 in Conjurations
   694 | D:1      | Reached XP level 2. HP: 24/24 MP: 5/5
  1229 | D:1      | Reached XP level 3. HP: 30/31 MP: 7/7
  2065 | D:2      | Reached XP level 4. HP: 39/39 MP: 8/8
  2864 | D:3      | Found a faded altar of an unknown god.
  3233 | D:3      | Reached XP level 5. HP: 41/45 MP: 4/10
  3263 | D:3      | HP: 1/45 [gnoll/+0 flail (7)]
  3264 | D:3      | Slain by a gnoll

Levels and vault maps discovered:
D:1:      dpeg_arrival_prison, layout_basic
D:2:      layout_basic
D:3:      layout_loops_ring, fedhas_altar_1, chequers_ecumenical_altar_simple,
          minmay_misc_feat_square, uniq_sigmund

Skill      XL: |  1  2  3 |
---------------+----------+-----
Conjurations   | 1 2 |  2.5
Fire Magic     | 3 |  3.6
Spellcasting   | 3 |  3.7
Dodging        | |  1.7
Stealth        | |  1.4

Action                   |  1- 3 |  4- 6 || total
-------------------------+-------+-------++-------
Melee: Spear             |    99 |    81 ||   180
       Unarmed           |    14 |       ||    14
 Cast: Flame Tongue      |    10 |    18 ||    28
 Stab: Sleeping          |     4 |     2 ||     6
  Eat: Chunk             |     1 |     3 ||     4
       Ration            |     1 |       ||     1
Armor: Robe              |    50 |    13 ||    63
Dodge: Dodged            |    64 |    47 ||   111
